Map: Acropolis LE

Players

Kamito

  • Race: Protoss Protoss
  • League: Diamond
  • Spawn Location: 11:00

LGRod - Winner!

  • Race: Protoss Protoss
  • League: Diamond
  • Spawn Location: 5:00

VOD

Have the link to the VOD?

Description

Time

  • Played on: Oct. 16, 2019, 8:33 p.m.
  • Length: 8:00
Show
View Real Time Build Order
Export as new Build Order

Kamito Protoss 

Build Orders: Phoenix Opening 

Get SALT Encoding   

  12  0:00  Probe  
  13  0:13  Probe  
  14  0:17  Pylon  
  14  0:25  Probe (Chrono Boost)  
  15  0:37  Gateway, Probe (Chrono Boost)  
  16  0:45  Probe (Chrono Boost)  
  16  0:46  Assimilator  
  17  0:51  Probe  
  17  0:55  Assimilator  
  18  1:03  Probe (Chrono Boost)  
  19  1:12  Gateway  
  19  1:15  Probe (Chrono Boost)  
  20  1:22  Probe (Chrono Boost)  
  21  1:26  Cybernetics Core  
  21  1:29  Probe  
  22  1:40  Pylon  
  22  1:41  Probe  
  23  1:58  Probe  
  24  2:02  Stalker  
  24  2:03  Warp Gate, Sentry  
  28  2:08  Pylon  
  28  2:36  Phoenix  
  27  2:57  Pylon, Nexus  
  27  3:06  Stalker (Chrono Boost)  
  27  3:07  Stargate  
  27  3:10  Pylon  
  29  3:24  Probe  
  30  3:37  Probe  
  31  3:46  Robotics Facility  
  31  3:48  Forge  
  27  3:53  Stalker  
  30  4:01  Stalker  
  32  4:07  Phoenix (Chrono Boost)  
  32  4:10  Probe  
  32  4:15  Probe  
  33  4:22  Pylon  
  33  4:23  Stargate  
  33  4:27  Stalker  
  33  4:28  Stalker  
  37  4:40  Probe x2 (Chrono Boost)  
  37  4:44  Phoenix  
  40  4:52  Probe x2 (Chrono Boost)  
  43  5:00  Probe (Chrono Boost)  
  43  5:01  Probe (Chrono Boost)  
  43  5:06  Phoenix (Chrono Boost), Probe  
  39  5:26  Phoenix (Chrono Boost)  
  39  5:29  Phoenix (Chrono Boost)  
  39  5:31  Assimilator  
  39  5:33  Assimilator  
  39  5:34  Probe x2  
  42  5:46  Probe x2  
  44  5:58  Probe x2  
  44  6:09  Phoenix  
  44  6:10  Probe (Chrono Boost)  
  48  6:12  Probe (Chrono Boost)  
  48  6:22  Probe (Chrono Boost)  
  46  6:27  Probe (Chrono Boost)  
  46  6:29  Phoenix, Probe (Chrono Boost)  
  49  6:34  Probe (Chrono Boost)  
  49  6:37  Phoenix  
  53  6:40  Probe (Chrono Boost)  
  53  6:43  Pylon  
  53  6:46  Probe (Chrono Boost)  
  54  6:52  Probe x2 (Chrono Boost)  
  52  6:54  Phoenix  
  52  7:01  Probe x2  
  54  7:04  Phoenix  
  56  7:13  Probe x2  
  58  7:25  Probe x2  
  58  7:26  Phoenix (Chrono Boost)  
  61  7:33  Phoenix (Chrono Boost)  
  63  7:37  Probe x2  
Show
View Real Time Build Order
Export as new Build Order

LGRod Protoss - Winner!

Build Orders: Phoenix Opening, Mass Phoenix 

Get SALT Encoding   

  12  0:00  Probe  
  13  0:13  Probe  
  14  0:18  Pylon  
  14  0:25  Probe  
  15  0:37  Probe (Chrono Boost)  
  15  0:40  Gateway  
  16  0:46  Probe (Chrono Boost), Assimilator  
  17  0:51  Probe (Chrono Boost)  
  17  0:55  Assimilator  
  18  1:03  Probe  
  19  1:08  Gateway  
  19  1:18  Probe  
  20  1:29  Cybernetics Core  
  20  1:30  Probe  
  21  1:34  Pylon  
  21  1:42  Probe  
  22  1:54  Probe  
  23  2:04  Adept x2 (Chrono Boost)  
  27  2:12  Stargate  
  27  2:15  Warp Gate  
  27  2:24  Pylon  
  27  2:28  Adept x2  
  31  2:42  Probe  
  34  3:06  Phoenix  
  33  3:19  Nexus  
  33  3:31  Phoenix  
  35  3:37  Probe  
  32  3:42  Robotics Facility  
  32  3:56  Phoenix (Chrono Boost)  
  32  3:57  Probe  
  32  4:01  Stargate  
  36  4:10  Probe  
  36  4:15  Phoenix  
  38  4:22  Probe (Chrono Boost)  
  38  4:23  Pylon  
  39  4:24  Assimilator  
  40  4:32  Probe (Chrono Boost)  
  38  4:40  Probe x2 (Chrono Boost)  
  40  4:46  Phoenix  
  40  4:48  Phoenix  
  40  4:50  Probe (Chrono Boost)  
  40  4:52  Probe (Chrono Boost)  
  46  4:55  Probe (Chrono Boost)  
  46  4:56  Assimilator  
  47  5:01  Probe  
  47  5:03  Pylon  
  48  5:10  Pylon  
  48  5:26  Phoenix  
  48  5:31  Probe x2 (Chrono Boost)  
  48  5:33  Phoenix  
  54  5:43  Probe (Chrono Boost)  
  54  5:44  Probe (Chrono Boost)  
  54  5:50  Probe x2 (Chrono Boost)  
  54  5:53  Phoenix  
  58  6:03  Phoenix, Probe x2  
  62  6:08  Nexus  
  60  6:11  Pylon  
  60  6:15  Probe  
  60  6:17  Probe  
  62  6:27  Probe  
  62  6:30  Fleet Beacon  
  63  6:34  Phoenix  
  65  6:40  Probe (Chrono Boost)  
  65  6:45  Phoenix  
  65  6:46  Probe (Chrono Boost)  
  69  7:03  Probe x2  
  69  7:05  Phoenix  
  69  7:06  Stargate  
  73  7:10  Assimilator  
  73  7:13  Assimilator  
  74  7:18  Probe (Chrono Boost)  
  74  7:19  Probe (Chrono Boost)  
  74  7:20  Probe (Chrono Boost)  
  76  7:24  Phoenix  
  81  7:30  Probe (Chrono Boost)  
  81  7:31  Probe (Chrono Boost)  
  81  7:32  Probe (Chrono Boost)  
  81  7:38  Forge, Probe (Chrono Boost)  
  86  7:44  Stargate  
  86  7:45  Probe (Chrono Boost)  
  86  7:46  Probe (Chrono Boost)  
Tags
 
Add a new tag
Caveats
  • Supply blocks, unpowered buildings, or Contaminate may cause inaccurate times.
  • Supply counts are checked every 10 seconds.